 Dungeon Crawl Stone Soup version 0.23.1 (webtiles) character file.

Game seed: 3791782618917671413

27322 Peloso the Carver (level 13, 0/117 HPs)
             Began as a Minotaur Fighter on Mar 16, 2019.
             Was a High Priest of Okawaru.
             Slain by an eight-headed hydra (3 damage)
             ... while petrified by you
             ... on level 3 of the Lair of Beasts.
             The game lasted 00:42:09 (14229 turns).

Peloso the Carver (Minotaur Fighter)               Turns: 14229, Time: 00:42:11

Health: 0/117      AC: 20    Str: 23    XL:     13   Next: 3%
Magic:  0/12       EV:  2    Int:  7    God:    Okawaru [*****.]
Gold:   924        SH:  0    Dex: 13    Spells: 12/12 levels left

rFire    . . .     SeeInvis .   a - +0 long sword (flame)
rCold    . . .     Gourm    .   c - +0 shield
rNeg     + + +     Faith    .   E - +0 plate armour (curse)
rPois    ∞         Spirit   +   p - +2 hat
rElec    .         Reflect  +   Q - scarf {Spirit}
rCorr    +         Harm     .   t - +0 pair of gloves
MR       .....                  u - +0 pair of boots
Stlth    ..........             N - +6 amulet of reflection
HPRegen  0.29/turn              q - ring of resist corrosion
MPRegen  0.13/turn              G - ring of wizardry

@: petrified
A: retaliatory headbutt, horns 2, clever 1, deterioration 1
a: Heroism, Finesse, Renounce Religion


You were on level 3 of the Lair of Beasts.
You worshipped Okawaru.
Okawaru was extremely pleased with you.
You were not hungry.

You visited 3 branches of the dungeon, and saw 16 of its levels.
You also visited: Sewer.

You collected 1098 gold pieces.
You spent 174 gold pieces at shops.

Inventory:

Hand Weapons
 a - a +0 long sword of flaming (weapon)
 v - the +7 great sword of Calculation {speed, *Corrode MR++}
   (Okawaru gifted it to you on level 2 of the Lair of Beasts)

   Attacks with this weapon are significantly faster.
   It affects your resistance to hostile enchantments.
   It may corrode you when you take damage.
Armour
 b - a +0 scale mail
 c - a +0 shield (worn)
 p - a +2 hat (worn)
 t - a +0 pair of gloves (worn)
 u - a +0 pair of boots (worn)
 E - a cursed +0 plate armour (worn)
 M - a +2 cloak
 Q - a scarf of spirit shield (worn)
Jewellery
 q - a ring of resist corrosion (left hand)
 G - a ring of wizardry (right hand)
 N - a +6 amulet of reflection (around neck)
Wands
 l - a wand of paralysis (5)
 o - a wand of disintegration (10)
Scrolls
 d - 7 scrolls of teleportation
 h - a scroll of noise
 i - a scroll of magic mapping
 n - 5 scrolls of remove curse
 x - a scroll of summoning
 A - 3 scrolls of blinking
 C - 2 scrolls of fog
 H - a scroll of fear
 I - 3 scrolls of identify
Potions
 e - 2 potions of invisibility
 g - 4 potions of curing
 j - a potion of mutation
 k - 7 potions of heal wounds
 m - a potion of brilliance
 r - 4 potions of might
 w - 4 potions of agility
 B - 2 potions of berserk rage
 F - 2 potions of flight
Miscellaneous
 s - a sack of spiders
Comestibles
 f - 29 rations
 z - a chunk of flesh


   Skills:
 + Level 11.7 Fighting
 + Level 14.2 Long Blades
   Level 0.2 Axes
 + Level 12.1 Armour
 + Level 4.1 Dodging
 + Level 2.4 Stealth
 + Level 13.8 Shields
 + Level 0.3 Unarmed Combat
 + Level 0.6 Invocations
 + Level 0.6 Evocations


You had 12 spell levels left.
You didn't know any spells.
Your spell library contained the following spells:

 Spells                   Type           Power        Failure   Level  Hunger
 Freeze                   Ice            #...         89%         1    ##.....
 Magic Dart               Conj           #...         89%         1    ##.....
 Summon Small Mammal      Summ           #...         89%         1    ##.....
 Blink                    Tloc           N/A          96%         2    ###....
 Call Imp                 Summ           #.......     96%         2    ###....
 Slow                     Hex            #.......     96%         2    ###....
 Throw Frost              Conj/Ice       #.....       96%         2    ###....
 Call Canine Familiar     Summ           #.......     99%         3    ####...
 Conjure Flame            Conj/Fire      #.......     99%         3    ####...
 Mephitic Cloud           Conj/Pois/Air  #.......     99%         3    ####...
 Ozocubu's Armour         Chrm/Ice       #.......     99%         3    ####...
 Summon Guardian Golem    Hex/Summ       #.......     99%         3    ####...
 Summon Ice Beast         Ice/Summ       #.......     100%        4    #####..
 Summon Lightning Spire   Summ/Air       #.......     100%        4    #####..
 Throw Icicle             Conj/Ice       #.......     100%        4    #####..


Dungeon Overview and Level Annotations

Branches:
Dungeon (12/15)            Temple (1/1) D:7            Lair (3/6) D:8
  Swamp (0/4) Lair:3        Snake (0/4) Lair:3          Orc (0/2) D:9

Altars:
Ashenzari
Cheibriados
Dithmenos
Elyvilon
Fedhas
Gozag
Hepliaklqana
Makhleb
Nemelex Xobeh
Okawaru
Qazlal
Ru
Sif Muna
Uskayaw
Vehumet
Xom
Zin
The Shining One
Beogh

Shops:
D:7 *   D:9 (   D:12 [


Innate Abilities, Weirdness & Mutations

You reflexively headbutt those who attack you in melee.
You have a pair of horns on your head.
Your mind is acute. (Int +2)
Your body sometimes deteriorates upon taking damage.


Message History

The crocodile bites you but does no damage.
You are engulfed in calcifying dust.
The eight-headed hydra bites you.
The eight-headed hydra bites you but does no damage.
The eight-headed hydra bites you!
* * * LOW HITPOINT WARNING * * *
The eight-headed hydra bites you.
The eight-headed hydra bites you but does no damage.
The eight-headed hydra bites you. The eight-headed hydra bites you!
* * * LOW HITPOINT WARNING * * *
The eight-headed hydra bites you but does no damage.
The crocodile barely misses you.
The catoblepas gores you but does no damage.
A yak comes into view.
You are engulfed in calcifying dust.
The eight-headed hydra barely misses you.
The eight-headed hydra bites you but does no damage. x4
The eight-headed hydra bites you!
* * * LOW HITPOINT WARNING * * *
The eight-headed hydra bites you!
You die...

..............P...... .♣≈
.Y...#.........##.### ..
...⌠.#.....P..###.# ...#
##....##.......##.###..##
.......##.#P............P
........##...............
.........##..............
.#...##.t.###..P.........
#.. ##@Y.###........... #
##D.##...........P
#....#..#......##
#⌠.<.#.#####...# #....#..
...# ....##..## ...#
##.......# ...#
#...##.... ... .....
...... ...


You could see a catoblepas, an eight-headed hydra, a yak and a crocodile.

Vanquished Creatures
  Harold (D:7)
  A hydra (D:11)
  Fannar (Lair:2)
  3 death yaks
  2 two-headed ogres
  Sonja (D:10)
  2 unseen horrors
  A manticore (D:12)
  A deep elf mage (D:12)
  An ugly thing (D:11)
  2 oklob plants (Lair:2)
  Maurice (D:11)
  A spiny frog (Lair:2)
  A gargoyle (D:12)
  A kobold demonologist (D:11)
  2 komodo dragons
  5 trolls
  A polar bear (D:9)
  8 slime creatures
  5 hippogriffs
  Sigmund (D:2)
  A wyvern (Lair:2)
  Grum (D:11)
  2 basilisks (Lair:1)
  25 yaks
  2 vampire mosquitoes (Lair:3)
  3 water moccasins
  4 porcupines
  4 orc warriors
  3 sky beasts
  Purgy (Sewer)
  2 ice beasts
  2 black bears
  4 phantoms
  A necrophage (D:11)
  9 ogres
  8 centaurs
  2 crocodiles
  12 wolves
  7 big kobolds
  11 bullfrogs
  A gnoll sergeant (D:11)
  A wyvern skeleton (D:11)
  4 scorpions
  A water moccasin skeleton (D:5)
  5 killer bees (D:8)
  3 howler monkeys (D:10)
  4 electric eels
  6 crimson imps
  5 bullfrog zombies
  2 centaur zombies
  6 jellies
  13 orc wizards
  8 orc priests
  5 hounds
  A water moccasin simulacrum (D:9)
  Crazy Yiuf (D:3)
  A centaur skeleton (D:11)
  Natasha (thrice) (D:3)
  An iguana (D:5)
  6 worker ants
  Terence (D:2)
  A killer bee zombie (D:6)
  A hound skeleton (D:9)
  A howler monkey zombie (D:7)
  5 gnolls (D:11)
  13 adders
  4 shadow imps
  4 white imps (D:9)
  2 ufetubi (D:9)
  5 oozes
  2 adder skeletons
  An adder zombie (D:8)
  6 worms
  A dart slug (D:1)
  5 leopard geckos
  40 orcs
  4 ball pythons
  6 giant cockroaches
  4 goblins
  4 hobgoblins
  7 jackals (D:1)
  A quokka (D:3)
  11 bats
  7 frilled lizards
  22 kobolds
  2 quokka skeletons
  7 rats
  3 fungi
  A plant (Lair:2)
394 creatures vanquished.

Vanquished Creatures (others)
  5 fungi (D:7)
  9 toadstools (D:7)
14 creatures vanquished.

Grand Total: 408 creatures vanquished

Notes
Turn   | Place    | Note
-------+----------+-------------------------------------------
     0 | D:1      | Peloso the Minotaur Fighter began the quest for the Orb.
     0 | D:1      | Reached XP level 1. HP: 19/19 MP: 0/0
   216 | D:1      | Reached XP level 2. HP: 27/27 MP: 1/1
   744 | D:2      | Reached XP level 3. HP: 33/33 MP: 2/2
   773 | D:2      | Reached skill level 1 in Dodging
   817 | D:2      | Noticed Sigmund
   833 | D:2      | Killed Sigmund
   833 | D:2      | Reached skill level 3 in Long Blades
   833 | D:2      | Reached skill level 5 in Shields
   833 | D:2      | Reached XP level 4. HP: 35/41 MP: 3/3
   833 | D:2      | Reached XP level 5. HP: 40/47 MP: 4/4
  1152 | D:2      | Noticed Terence
  1165 | D:2      | Killed Terence
  1254 | D:2      | Reached skill level 5 in Armour
  1775 | D:3      | Noticed Natasha
  1785 | D:3      | Killed Natasha
  1785 | D:3      | Reached XP level 6. HP: 45/55 MP: 5/5
  2503 | D:3      | Reached skill level 5 in Fighting
  2656 | D:3      | Found a runed translucent door.
  2657 | D:3      | Noticed Crazy Yiuf
  2665 | D:3      | Killed Crazy Yiuf
  2665 | D:3      | Reached skill level 4 in Long Blades
  2712 | D:3      | Noticed Natasha
  2714 | D:3      | Killed Natasha
  2728 | D:3      | Noticed Natasha
  2737 | D:3      | Killed Natasha
  2857 | D:4      | Reached XP level 7. HP: 36/61 MP: 4/6
  3128 | D:4      | Reached skill level 5 in Long Blades
  3352 | D:5      | Entered Level 5 of the Dungeon
  3516 | D:5      | Reached skill level 6 in Long Blades
  3796 | D:5      | Found a radiant altar of Vehumet.
  3856 | D:5      | Found a deep blue altar of Sif Muna.
  3928 | D:5      | Found a hide-covered altar of Uskayaw.
  3979 | D:6      | Reached XP level 8. HP: 58/70 MP: 7/7
  3989 | D:6      | Found a glowing drain.
  4016 | Sewer    | Entered a sewer
  4022 | Sewer    | Reached skill level 1 in Stealth
  4053 | Sewer    | Noticed Purgy
  4060 | Sewer    | Killed Purgy
  4060 | Sewer    | Reached skill level 7 in Long Blades
  4185 | Sewer    | Gained mutation: You are partially covered in thin metallic
                  | scales. (AC +2) [potion of mutation]
  4185 | Sewer    | Gained mutation: You tend to lose your temper in combat.
                  | [potion of mutation]
  4185 | Sewer    | Gained mutation: You have sharp toenails. [potion of
                  | mutation]
  4193 | Sewer    | Lost mutation: You tend to lose your temper in combat.
                  | [potion of mutation]
  4193 | Sewer    | Lost mutation: You have sharp toenails. [potion of
                  | mutation]
  4193 | Sewer    | Lost mutation: You are partially covered in thin metallic
                  | scales. (AC +2) [potion of mutation]
  4193 | Sewer    | Gained mutation: You possess an exceptional clarity of
                  | mind. [potion of mutation]
  4193 | Sewer    | Gained mutation: You evolve. [potion of mutation]
  4379 | D:6      | Found a shattered altar of Ashenzari.
  4513 | D:6      | Found a snail-covered altar of Cheibriados.
  4574 | D:6      | Found a sacrificial altar of Ru.
  4779 | D:6      | Reached skill level 8 in Long Blades
  4834 | D:6      | Found a glowing golden altar of the Shining One.
  5313 | D:7      | Noticed Harold
  5330 | D:7      | HP: 2/71 [Harold/+0 vampiric glaive (8)]
  5333 | D:7      | Killed Harold
  5333 | D:7      | Reached XP level 9. HP: 4/78 MP: 0/8
  5338 | D:6      | Reached skill level 9 in Long Blades
  5654 | D:7      | Found Utinn's General Store.
  5669 | D:7      | Bought a scroll of fog for 24 gold pieces
  5669 | D:7      | Bought a scroll of blinking for 90 gold pieces
  5669 | D:7      | Bought a potion of berserk rage for 60 gold pieces
  6102 | D:7      | Found a staircase to the Ecumenical Temple.
  6109 | Temple   | Entered the Ecumenical Temple
  6132 | Temple   | Became a worshipper of Warmaster Okawaru
  6535 | D:7      | Reached XP level 10. HP: 87/88 MP: 9/9
  6821 | D:8      | Reached * piety under Okawaru
  6821 | D:8      | Reached skill level 10 in Long Blades
  6834 | D:8      | Found a staircase to the Lair.
  6880 | D:8      | Found a glowing silver altar of Zin.
  7189 | D:8      | Reached ** piety under Okawaru
  7400 | D:8      | Found an ornate altar of the Wu Jian Council.
  7402 | D:8      | Found a shimmering altar of Xom.
  7402 | D:8      | Found a shimmering altar of Xom.
  7406 | D:8      | Found a stormy altar of Qazlal.
  7406 | D:8      | Found a shadowy altar of Dithmenos.
  7406 | D:8      | Found an opulent altar of Gozag.
  7549 | D:9      | Found Eppav's Antique Weapon Shoppe.
  7971 | D:9      | Found a staircase to the Orcish Mines.
  7983 | D:9      | Found a roughly hewn altar of Beogh.
  8009 | D:9      | Reached skill level 11 in Long Blades
  8025 | D:9      | Reached skill level 10 in Shields
  8040 | D:9      | Lost mutation: You possess an exceptional clarity of mind.
                  | [potion of mutation]
  8040 | D:9      | Lost mutation: You evolve. [potion of mutation]
  8040 | D:9      | Gained mutation: You are frail. (-10% HP) [potion of
                  | mutation]
  8040 | D:9      | Gained mutation: Your mind is acute. (Int +2) [potion of
                  | mutation]
  8040 | D:9      | Gained mutation: Your body sometimes deteriorates upon
                  | taking damage. [potion of mutation]
  8040 | D:9      | Lost mutation: You are frail. (-10% HP) [potion of
                  | mutation]
  8221 | D:9      | Found a sparkling altar of Nemelex Xobeh.
  8222 | D:9      | Found a white marble altar of Elyvilon.
  8568 | D:10     | Entered Level 10 of the Dungeon
  8658 | D:10     | Reached *** piety under Okawaru
  8681 | D:10     | Reached XP level 11. HP: 81/97 MP: 8/10
  8868 | D:10     | Noticed Sonja
  8889 | D:10     | Killed Sonja
  8889 | D:10     | Received a gift from Okawaru
  9290 | D:11     | Reached **** piety under Okawaru
  9290 | D:11     | Reached skill level 12 in Long Blades
  9297 | D:11     | Noticed Grum
  9316 | D:11     | Killed Grum
  9548 | D:11     | Noticed a six-headed hydra
  9559 | D:11     | Killed a two-headed hydra
  9559 | D:11     | Reached skill level 10 in Armour
  9597 | D:11     | Noticed a purple ugly thing
  9606 | D:11     | Killed a purple ugly thing
  9746 | D:11     | Killed an unseen horror
  9919 | D:11     | Reached skill level 10 in Fighting
 10282 | D:11     | Noticed a two-headed ogre
 10287 | D:11     | Killed a two-headed ogre
 10296 | D:11     | Noticed a sixfirhy
 10331 | D:11     | Noticed Maurice
 10351 | D:11     | Killed Maurice
 10622 | D:12     | Reached ***** piety under Okawaru
 11046 | D:12     | Killed an unseen horror
 11046 | D:12     | Reached skill level 13 in Long Blades
 11046 | D:12     | Reached XP level 12. HP: 98/107 MP: 11/11
 11156 | D:12     | Found Uchomi's Antique Armour Shop.
 11225 | D:12     | Noticed a two-headed ogre
 11329 | D:12     | Killed a two-headed ogre
 11587 | D:12     | Identified a scroll of acquirement
 11646 | D:10     | Received a gift from Okawaru
 11719 | Lair:1   | Entered Level 1 of the Lair of Beasts
 12054 | Lair:1   | Noticed a death yak
 12058 | Lair:1   | Noticed a death yak
 12063 | Lair:1   | Noticed a death yak
 12083 | Lair:1   | Killed a death yak
 12138 | D:8      | Killed a death yak
 12435 | D:8      | Killed a death yak
 12435 | D:8      | Reached skill level 14 in Long Blades
 13314 | Lair:2   | Noticed Fannar
 13354 | Lair:2   | Killed Fannar
 13822 | Lair:2   | Received a gift from Okawaru
 13826 | Lair:2   | Got a faintly glowing great sword {god gift}
 13827 | Lair:2   | Identified the +7 great sword of Calculation {speed,
                  | *Corrode MR++} (Okawaru gifted it to you on level 2 of the
                  | Lair of Beasts)
 14088 | Lair:3   | Reached XP level 13. HP: 93/117 MP: 9/12
 14149 | Lair:3   | Found a staircase to the Snake Pit.
 14155 | Lair:3   | Found a staircase to the Swamp.
 14229 | Lair:3   | HP: 3/117 [eight-headed hydra (3)]
 14229 | Lair:3   | Slain by an eight-headed hydra

Skill      XL: |  1  2  3  4  5  6  7  8  9 10 11 12 |
---------------+-------------------------------------+-----
Fighting       | 4 5 6 8 9 10 11 | 11.7
Armour         | 4 5 6 8 9 10 12 | 12.1
Shields        | 4 5 6 7 8 10 12 13 | 13.8
Dodging        | 1 2 3 4 |  4.1
Long Blades    | 3 4 6 8 9 11 13 14 | 14.2
Stealth        | 1 2 |  2.4
Axes           | |  0.2
Unarmed Combat | |  0.3
Invocations    | |  0.6
Evocations     | |  0.6

Action                   |  1- 3 |  4- 6 |  7- 9 | 10-12 | 13-15 || total
-------------------------+-------+-------+-------+-------+-------++-------
Melee: Long sword        |    46 |   152 |   269 |   950 |    19 ||  1436
       Headbutt          |    13 |    22 |    66 |   222 |     8 ||   331
       Hand axe          |    24 |       |       |       |       ||    24
       Unarmed           |       |       |       |     6 |       ||     6
Invok: Heroism           |       |       |       |     8 |       ||     8
Evoke: Wand              |       |       |     4 |     3 |       ||     7
  Use: Scroll            |     2 |     5 |     9 |     7 |       ||    23
       Potion            |     1 |       |     7 |     3 |       ||    11
 Stab: Paralysed         |       |       |       |     3 |       ||     3
  Eat: Chunk             |       |     6 |     5 |    25 |     2 ||    38
       Ration            |       |       |     2 |       |       ||     2
Armor: Scale mail        |    52 |       |       |       |       ||    52
       Chain mail        |     1 |    64 |   135 |    97 |       ||   297
       Plate armour      |       |       |       |   345 |    96 ||   441
       Skin              |       |       |       |     2 |       ||     2
Dodge: Dodged            |    18 |    35 |    89 |   209 |    21 ||   372
Block: Shield            |    46 |    63 |   175 |   714 |    29 ||  1027
       Reflection        |       |       |       |     1 |       ||     1
       Rpst.: Long sword |     2 |    12 |    24 |    51 |     3 ||    92
